AoeStats
← ZHE WAN

Arabia

507659164Analyzed
1v1 RM · 14d ago on Sep 19, 2026· 43m 57s· 2 players
Game mode
Random Map
Map size
Tiny (2 player)
Population
200
Speed
Normal
Resources
Standard
Victory
Conquest
Starting age
Dark Age
Ending age
Imperial Age
RankedLock teamsTeams togetherTeam positionsShared explorationLock speedFull tech treeHidden civsTurbo modeCheats
Victory
Defeat
🇹🇼 Romans · Taiwan
1091
+30
🇦🇷 Franks · Argentina
1060
-15
Martdri
3:06 Loom
10:17 Feudal Age
10:45 Double-Bit Axe
12:13 Town Watch
16:34 Wheelbarrow
20:59 Castle Age
19:07 Gold Mining
20:15 Scale Barding Armor
20:20 Forging
22:27 Gold Shaft Mining
22:16 Chain Barding Armor
22:32 Iron Casting
22:41 Husbandry
32:54 Fletching
33:04 Padded Archer Armor
36:37 Elite Skirmisher
43:00 Bodkin Arrow
ZHE WAN
5:14 Loom
8:41 Feudal Age
9:37 Double-Bit Axe
9:34 Horse Collar
15:15 Wheelbarrow
18:00 Castle Age
16:55 Man-at-Arms
17:39 Scale Mail Armor
17:50 Forging
17:48 Gold Mining
19:05 Heavy Plow
19:18 Bow Saw
19:47 Gold Shaft Mining
18:47 Long Swordsman
21:00 Squires
23:42 Chain Mail Armor
26:02 Hand Cart
25:12 Pikeman
30:47 Iron Casting
Connection lost

Rejoining the realm…

Still unreachable

The connection could not be restored.

Session expired

The server has moved on; the page needs a fresh start.